MLB
COLORADO ROCKIES @ ARIZONA DIAMONDBACKS
09/11/2044
 
TOP OF THE 1ST
Colorado Rockies batting - Pitching for Arizona Diamondbacks : RHP Miguel Martinez
Pitching: RHP Miguel Martinez
Batting: RHB Joel Haycock 0-0: Ball
1-0: Foul Ball, location: 2F
1-1: SOLO HOME RUN (Flyball, 7D, EV 95.6 MPH), Distance : 377 ft
Batting: RHB Roberto Rodriguez 0-0: Ball
1-0: Foul Ball, location: 2F
1-1: Called Strike
1-2: Ground out 6-3 (Groundball, 6, EV 82.5 MPH)
Batting: SHB Chris Blue 0-0: Called Strike
0-1: Called Strike
0-2: SINGLE (Groundball, 25, EV 63.8 MPH) (infield hit)
Batting: RHB Jason Andrews 0-0: Ball
1-0: Called Strike
1-1: Swinging Strike
1-2: Strikes out swinging
Batting: LHB Fabiano Perrolas 0-0: Ball
1-0: Ball
2-0: Ground out 4-3 (Groundball, 4, EV 79.4 MPH)
Top of the 1st over - 1 run, 2 hits, 0 errors, 1 left on base; Colorado 1 - Arizona 0
BOTTOM OF THE 1ST
Arizona Diamondbacks batting - Pitching for Colorado Rockies : LHP Adrian Hamilton
Pitching: LHP Adrian Hamilton
Batting: RHB Billy Crookston 0-0: Foul Ball, location: 2F
0-1: Ball
1-1: Ball
2-1: Called Strike
2-2: Foul Ball, location: 2F
2-2: Strikes out swinging
Batting: RHB Shiro Suehiro 0-0: Called Strike
0-1: Ball
1-1: Foul Ball, location: 2F
1-2: Ball
2-2: Foul Ball, location: 2F
2-2: Strikes out swinging
Batting: SHB Perry Tuckfard 0-0: Called Strike
0-1: Ball
1-1: Foul Ball, location: 2F
1-2: Ball
2-2: Ball
3-2: Base on Balls
Batting: RHB Mario Soto 0-0: Ball
1-0: Fielders Choice at 2nd, 5-4 (Groundball, 56, EV 104.4 MPH)
Bottom of the 1st over - 0 runs, 0 hits, 0 errors, 1 left on base; Colorado 1 - Arizona 0
TOP OF THE 2ND
Colorado Rockies batting - Pitching for Arizona Diamondbacks : RHP Miguel Martinez
Batting: RHB Leo Mair 0-0: Ground out 4-3 (Groundball, 4MS, EV 86.9 MPH)
Batting: LHB Robert Watson 0-0: Bunt for hit to 25 - play at first, batter safe!
Batting: LHB Jose Robles 0-0: Called Strike
0-1: Ball
1-1: Fly out, F6 (Popup, 6, EV 60.0 MPH)
Batting: RHB Stephen Charbonneau 0-0: Ball
Robert Watson is caught stealing 2nd base 2-4
Top of the 2nd over - 0 runs, 1 hit, 0 errors, 0 left on base; Colorado 1 - Arizona 0
BOTTOM OF THE 2ND
Arizona Diamondbacks batting - Pitching for Colorado Rockies : LHP Adrian Hamilton
Batting: RHB David Price Jr. 0-0: Called Strike
0-1: Swinging Strike
0-2: Foul Ball, location: 2F
0-2: Ball
1-2: Foul Ball, location: 2F
1-2: Fly out, F8 (Flyball, 8RS, EV 85.0 MPH)
Batting: LHB Roy Steigerwald 0-0: Called Strike
0-1: Called Strike
0-2: Ball
1-2: Reached on error, E3 (Groundball, 34, EV 100.0 MPH)
Batting: RHB Blake Ballard 0-0: Ball
1-0: Ball
2-0: Ball
3-0: Foul Ball, location: 2F
3-1: SINGLE (Groundball, 56D, EV 97.5 MPH)
Roy Steigerwald to third
Batting: SHB Alec Thorpe 0-0: Ball
1-0: Ball
2-0: Called Strike
2-1: DOUBLE (Line Drive, 9D, EV 99.4 MPH)
Roy Steigerwald scores
Blake Ballard to third
Batting: RHB Jon Solano 0-0: SINGLE (Groundball, 56D, EV 107.5 MPH)
Blake Ballard scores
Alec Thorpe to third
Runner from 3rd tries for Home, SAFE, throw by LF to home
Batting: RHB Billy Crookston 0-0: Called Strike
0-1: Ball
1-1: Called Strike
1-2: Grounds into double play, 6-4-3 (Groundball, 6, EV 101.9 MPH)
Bottom of the 2nd over - 3 runs, 3 hits, 1 error, 0 left on base; Colorado 1 - Arizona 3
TOP OF THE 3RD
Colorado Rockies batting - Pitching for Arizona Diamondbacks : RHP Miguel Martinez
Batting: RHB Stephen Charbonneau 0-0: Called Strike
0-1: Ball
1-1: Swinging Strike
1-2: Ball
2-2: Ball
3-2: Foul Ball, location: 2F
3-2: Ground out U3 (Groundball, 3S, EV 90.6 MPH)
Batting: RHB Joel Haycock 0-0: Foul Ball, location: 2F
0-1: Foul Ball, location: 2F
0-2: Ball
1-2: Hit by Pitch
Batting: RHB Roberto Rodriguez 0-0: Ball
1-0: Ball
2-0: Foul Ball, location: 2F
2-1: SINGLE (Groundball, 56D, EV 108.8 MPH)
Joel Haycock to second
Batting: SHB Chris Blue 0-0: Foul Ball, location: 2F
0-1: Fly out, F6 (Line Drive, 6, EV 69.4 MPH)
Batting: RHB Jason Andrews 0-0: TRIPLE (Flyball, 89XD, EV 98.1 MPH)
Joel Haycock scores
Roberto Rodriguez scores
Batting: LHB Fabiano Perrolas 0-0: Ball
1-0: Foul Ball, location: 2F
1-1: Ball
2-1: Foul Ball, location: 2F
2-2: Ground out U3 (Groundball, 34S, EV 70.6 MPH)
Top of the 3rd over - 2 runs, 2 hits, 0 errors, 1 left on base; Colorado 3 - Arizona 3
BOTTOM OF THE 3RD
Arizona Diamondbacks batting - Pitching for Colorado Rockies : LHP Adrian Hamilton
Batting: RHB Shiro Suehiro 0-0: Foul Ball, location: 2F
0-1: Ground out U3 (Groundball, 3, EV 76.2 MPH)
Batting: SHB Perry Tuckfard 0-0: Called Strike
0-1: Ball
1-1: Ball
2-1: Foul Ball, location: 2F
2-2: Ball
3-2: Ground out 5-3 (Groundball, 56S, EV 66.2 MPH)
Batting: RHB Mario Soto 0-0: Fly out, F8 (Line Drive, 8RD, EV 91.9 MPH)
Bottom of the 3rd over - 0 runs, 0 hits, 0 errors, 0 left on base; Colorado 3 - Arizona 3
TOP OF THE 4TH
Colorado Rockies batting - Pitching for Arizona Diamondbacks : RHP Miguel Martinez
Batting: RHB Leo Mair 0-0: Ball
1-0: Called Strike
1-1: Ground out 4-3 (Groundball, 34, EV 84.4 MPH)
Batting: LHB Robert Watson 0-0: Ball
1-0: Ball
2-0: Swinging Strike
2-1: Ball
3-1: Called Strike
3-2: Base on Balls
Batting: LHB Jose Robles 0-0: Foul Ball, location: 2F
0-1: Fly out, F9 (Flyball, 89M, EV 92.5 MPH)
Batting: RHB Stephen Charbonneau 0-0: Ball
1-0: Ball
2-0: Ball
3-0: Called Strike
3-1: SINGLE (Line Drive, 6D, EV 98.1 MPH)
Robert Watson to second
Batting: RHB Joel Haycock 0-0: Fly out, F9 (Flyball, 9, EV 86.2 MPH)
Top of the 4th over - 0 runs, 1 hit, 0 errors, 2 left on base; Colorado 3 - Arizona 3
BOTTOM OF THE 4TH
Arizona Diamondbacks batting - Pitching for Colorado Rockies : LHP Adrian Hamilton
Batting: RHB David Price Jr. 0-0: Called Strike
0-1: Foul Ball, location: 2F
0-2: Ball
1-2: Ball
2-2: Ball
3-2: Strikes out swinging
Batting: LHB Roy Steigerwald 0-0: Called Strike
0-1: Ground out 5-3 (Groundball, 5, EV 89.4 MPH)
Batting: RHB Blake Ballard 0-0: Ball
1-0: DOUBLE (Line Drive, 7LS, EV 111.2 MPH)
Batting: SHB Alec Thorpe 0-0: Ball
1-0: Ground out 5-3 (Groundball, 5L, EV 108.1 MPH)
Bottom of the 4th over - 0 runs, 1 hit, 0 errors, 1 left on base; Colorado 3 - Arizona 3
TOP OF THE 5TH
Colorado Rockies batting - Pitching for Arizona Diamondbacks : RHP Miguel Martinez
Batting: RHB Roberto Rodriguez 0-0: Ball
1-0: Foul Ball, location: 2F
1-1: Ball
2-1: SINGLE (Groundball, 56D, EV 102.5 MPH)
Batting: SHB Chris Blue 0-0: Ball
1-0: Ball
2-0: Called Strike
2-1: Swinging Strike
2-2: Strikes out looking
Batting: RHB Jason Andrews 0-0: Ball
Roberto Rodriguez is caught stealing 2nd base 2-4
1-0: Called Strike
1-1: Called Strike
1-2: Strikes out looking
Top of the 5th over - 0 runs, 1 hit, 0 errors, 0 left on base; Colorado 3 - Arizona 3
BOTTOM OF THE 5TH
Arizona Diamondbacks batting - Pitching for Colorado Rockies : LHP Adrian Hamilton
Batting: RHB Jon Solano 0-0: Foul Ball, location: 2F
0-1: Foul Ball, location: 2F
0-2: SINGLE (Line Drive, 78S, EV 100.0 MPH)
Batting: RHB Billy Crookston 0-0: Ball
1-0: Foul Ball, location: 2F
1-1: Ball
2-1: Fly out, F4 (Flyball, 3D, EV 85.6 MPH)
Batting: RHB Shiro Suehiro 0-0: Called Strike
0-1: Ball
1-1: Fielders Choice at 2nd, 3-6 (Groundball, 34, EV 101.2 MPH)
Batting: SHB Perry Tuckfard 0-0: Ball
1-0: Called Strike
1-1: Called Strike
1-2: Ball
2-2: Foul Ball, location: 2F
2-2: Ball
3-2: Ground out 6-3 (Groundball, 6, EV 99.4 MPH)
Bottom of the 5th over - 0 runs, 1 hit, 0 errors, 1 left on base; Colorado 3 - Arizona 3
TOP OF THE 6TH
Colorado Rockies batting - Pitching for Arizona Diamondbacks : RHP Miguel Martinez
Batting: LHB Fabiano Perrolas 0-0: Called Strike
0-1: Foul Ball, location: 2F
0-2: Fly out, F8 (Flyball, 78M, EV 96.9 MPH)
Batting: RHB Leo Mair 0-0: Ball
1-0: Ball
2-0: Called Strike
2-1: Ball
3-1: Foul Ball, location: 2F
3-2: Fly out, F9 (Flyball, 89D, EV 100.6 MPH)
Batting: LHB Robert Watson 0-0: Ball
1-0: DOUBLE (Flyball, 8RXD, EV 108.8 MPH)
Batting: LHB Jose Robles 0-0: Called Strike
0-1: Ground out 4-3 (Groundball, 4M, EV 85.0 MPH)
Top of the 6th over - 0 runs, 1 hit, 0 errors, 1 left on base; Colorado 3 - Arizona 3
BOTTOM OF THE 6TH
Arizona Diamondbacks batting - Pitching for Colorado Rockies : LHP Adrian Hamilton
Pitching: RHP Gabe Baxter
Batting: LHB Danny Dunham 0-0: SINGLE (Flyball, 78S, EV 98.8 MPH)
Batting: RHB David Price Jr. 0-0: Ball
1-0: Called Strike
1-1: Ball
2-1: Ball
3-1: Called Strike
3-2: Foul Ball, location: 2F
3-2: Strikes out swinging
Batting: LHB Roy Steigerwald 0-0: Called Strike
0-1: Ball
1-1: Foul Ball, location: 2F
1-2: Ball
2-2: Ball
3-2: Strikes out swinging
Batting: RHB Blake Ballard 0-0: Fly out, F4 (Popup, 13, EV 78.1 MPH)
Bottom of the 6th over - 0 runs, 1 hit, 0 errors, 1 left on base; Colorado 3 - Arizona 3
TOP OF THE 7TH
Colorado Rockies batting - Pitching for Arizona Diamondbacks : RHP Miguel Martinez
Batting: RHB Stephen Charbonneau 0-0: Foul Ball, location: 2F
0-1: Ball
1-1: Foul Ball, location: 2F
1-2: Foul Ball, location: 2F
1-2: Foul Ball, location: 2F
1-2: Foul Ball, location: 2F
1-2: Ball
2-2: Ground out U3 (Groundball, 34S, EV 88.8 MPH)
Pitching: RHP André Gaillard
Batting: RHB Joel Haycock 0-0: Ball
1-0: Ball
2-0: Called Strike
2-1: Foul Ball, location: 2F
2-2: Ball
3-2: DOUBLE (Line Drive, 7LM, EV 97.5 MPH)
Batting: RHB Roberto Rodriguez 0-0: Ball
1-0: Called Strike
1-1: DOUBLE (Line Drive, 9LS, EV 106.9 MPH)
Joel Haycock scores
Batting: SHB Chris Blue 0-0: Called Strike
0-1: Ball
1-1: Called Strike
1-2: Ball
2-2: Ground out U3 (Groundball, 3, EV 83.8 MPH)
Roberto Rodriguez to third
Batting: RHB Jason Andrews 0-0: Ball
1-0: Foul Ball, location: 2F
1-1: Ball
2-1: Fly out, F9 (Flyball, 9S, EV 94.4 MPH)
Top of the 7th over - 1 run, 2 hits, 0 errors, 1 left on base; Colorado 4 - Arizona 3
BOTTOM OF THE 7TH
Arizona Diamondbacks batting - Pitching for Colorado Rockies : RHP Gabe Baxter
Pitching: RHP Oscar Munoz
Batting: SHB Alec Thorpe 0-0: Ball
1-0: SINGLE (Groundball, 4MS, EV 68.1 MPH) (infield hit)
Pinch Hitting: LHB Eric Klasek 0-0: SINGLE (Groundball, 4MD, EV 103.8 MPH)
Alec Thorpe to second
Batting: RHB Billy Crookston 0-0: Called Strike
0-1: Grounds into double play, 6-4-3 (Groundball, 6, EV 95.0 MPH)
Alec Thorpe to third
Batting: RHB Shiro Suehiro 0-0: Ball
1-0: Ball
2-0: Ball
3-0: Base on Balls
Batting: SHB Perry Tuckfard 0-0: Called Strike
0-1: Ball
1-1: Fly out, F9 (Flyball, 9LS, EV 97.5 MPH)
Bottom of the 7th over - 0 runs, 2 hits, 0 errors, 2 left on base; Colorado 4 - Arizona 3
TOP OF THE 8TH
Colorado Rockies batting - Pitching for Arizona Diamondbacks : RHP André Gaillard
Pitching: LHP Jose Rodriguez
Now at 2B: Kyle Beaulieu
Batting: LHB Fabiano Perrolas 0-0: Called Strike
0-1: Foul Ball, location: 2F
0-2: Foul Ball, location: 2F
0-2: Ground out U3 (Groundball, 34S, EV 80.6 MPH)
Pitching: RHP Willie Nieto
Batting: RHB Leo Mair 0-0: Ball
1-0: Swinging Strike
1-1: SINGLE (Groundball, 25, EV 61.9 MPH) (infield hit)
Pitching: LHP Mario Valdivia
Batting: LHB Robert Watson 0-0: Ball
1-0: Ball
2-0: Foul Ball, location: 2F
2-1: Called Strike
2-2: Ball
3-2: Fly out, F9 (Flyball, 9LM, EV 97.5 MPH)
Batting: LHB Jose Robles 0-0: Called Strike
0-1: Ball
1-1: Foul Ball, location: 2F
1-2: Ball
2-2: Ball
3-2: Strikes out swinging
Top of the 8th over - 0 runs, 1 hit, 0 errors, 1 left on base; Colorado 4 - Arizona 3
BOTTOM OF THE 8TH
Arizona Diamondbacks batting - Pitching for Colorado Rockies : RHP Oscar Munoz
Pitching: LHP Mario Castro
Batting: RHB Fabrice Bertin 0-0: Foul Ball, location: 2F
0-1: Ball
1-1: Swinging Strike
1-2: Fly out, F8 (Line Drive, 8LD, EV 93.1 MPH)
Pitching: RHP Victor Walshe
Batting: RHB David Price Jr. 0-0: Ball
1-0: Foul Ball, location: 2F
1-1: SOLO HOME RUN (Flyball, 9D, EV 95.6 MPH), Distance : 364 ft
Batting: LHB Roy Steigerwald 0-0: Called Strike
0-1: Ball
1-1: Foul Ball, location: 2F
1-2: Ball
2-2: Foul Ball, location: 2F
2-2: Ball
3-2: SINGLE (Groundball, 34D, EV 97.5 MPH)
Batting: RHB Blake Ballard 0-0: Called Strike
0-1: Ball
1-1: Ball
2-1: Foul Ball, location: 2F
2-2: Ground out U3 (Groundball, 3, EV 86.9 MPH)
Roy Steigerwald to second
Batting: SHB Alec Thorpe 0-0: Foul Ball, location: 2F
0-1: Ball
1-1: Ball
2-1: Called Strike
2-2: Strikes out swinging
Bottom of the 8th over - 1 run, 2 hits, 0 errors, 1 left on base; Colorado 4 - Arizona 4
TOP OF THE 9TH
Colorado Rockies batting - Pitching for Arizona Diamondbacks : LHP Mario Valdivia
Batting: RHB Stephen Charbonneau 0-0: Called Strike
0-1: Ball
1-1: Called Strike
1-2: Strikes out swinging
Batting: RHB Joel Haycock 0-0: Ball
1-0: Fly out, F7 (Flyball, 7LS, EV 81.9 MPH)
Batting: RHB Roberto Rodriguez 0-0: Ball
1-0: TRIPLE (Flyball, 8RXD, EV 105.0 MPH)
Batting: SHB Chris Blue 0-0: Ball
1-0: 2-RUN HOME RUN (Line Drive, 9D, EV 98.1 MPH), Distance : 369 ft
Batting: RHB Jason Andrews 0-0: SOLO HOME RUN (Flyball, 7LD, EV 96.2 MPH), Distance : 357 ft
Pitching: RHP Sean Hartgrove
Batting: LHB Fabiano Perrolas 0-0: Ground out 3-1 (Groundball, 34, EV 103.1 MPH)
Top of the 9th over - 3 runs, 3 hits, 0 errors, 0 left on base; Colorado 7 - Arizona 4
BOTTOM OF THE 9TH
Arizona Diamondbacks batting - Pitching for Colorado Rockies : RHP Victor Walshe
Pitching: RHP Jaden Mackey
Batting: LHB Kyle Beaulieu 0-0: Ball
1-0: Ball
2-0: Ground out 6-3 (Groundball, 56, EV 106.9 MPH)
Batting: RHB Billy Crookston 0-0: Called Strike
0-1: Ball
1-1: Swinging Strike
1-2: Ball
2-2: Fly out, F7 (Flyball, 78XD, EV 87.5 MPH)
Batting: RHB Shiro Suehiro 0-0: Swinging Strike
0-1: Ball
1-1: Ground out 4-3 (Groundball, 4, EV 83.8 MPH)
Bottom of the 9th over - 0 runs, 0 hits, 0 errors, 0 left on base; Colorado 7 - Arizona 4
Thursday, March 31st , 2022 - OOTP Baseball 22.12 Build 89